 Dungeon Crawl Stone Soup version 0.23.0 (webtiles) character file.

Game seed: 13346446156120647820

182 LLavrengius the Slasher (level 5, -2/48 HPs)
             Began as a Minotaur Monk on Feb 16, 2019.
             Killed by nerve-wracking pain
             ... invoked by an orc priest
              (13 damage)
             ... on level 3 of the Dungeon.
             The game lasted 00:05:51 (1629 turns).

LLavrengius the Slasher (Minotaur Monk)             Turns: 1629, Time: 00:05:51

Health: -2/48      AC: 10    Str: 16    XL:     5   Next: 35%
Magic:  4/4        EV:  8    Int:  7    God:
Gold:   153        SH:  0    Dex: 13    Spells: 4/4 levels left

rFire    . . .     SeeInvis .   a - +0 falchion
rCold    . . .     Gourm    .   (no shield)
rNeg     . . .     Faith    .   k - +0 chain mail
rPois    .         Spirit   .   (helmet restricted)
rElec    .         Reflect  .   (no cloak)
rCorr    .         Harm     .   i - +1 pair of gloves
MR       .....                  (no boots)
Stlth    ..........             (no amulet)
HPRegen  0.16/turn              (no ring)
MPRegen  0.09/turn              (no ring)

@: slowed, very slow
A: retaliatory headbutt, horns 2
a: no special abilities


You were on level 3 of the Dungeon.
You were not hungry.

You visited 1 branch of the dungeon, and saw 3 of its levels.

You collected 153 gold pieces.

Inventory:

Hand Weapons
 a - a +0 falchion (weapon)
Missiles
 o - 3 javelins (quivered)
Armour
 i - a +1 pair of gloves (worn)
 k - a +0 chain mail (worn)
Scrolls
 g - 3 scrolls of remove curse {unknown}
 j - 2 scrolls of fear {unknown}
 l - a scroll of enchant weapon {unknown}
 m - a scroll of identify {unknown}
 n - a scroll of teleportation {unknown}
 p - a scroll of blinking {unknown}
 q - a scroll of immolation {unknown}
Potions
 d - 2 potions of curing {unknown}
 e - a potion of flight {unknown}
 f - a potion of heal wounds {unknown}
 h - a potion of brilliance {unknown}
Comestibles
 b - 6 chunks of flesh
 c - 5 rations


   Skills:
 + Level 5.1 Fighting
 + Level 5.2 Long Blades
 + Level 4.6 Dodging
 - Level 1.5 Stealth


You had 4 spell levels left.
You didn't know any spells.
Your spell library was empty.

Dungeon Overview and Level Annotations

Branches:
Dungeon (3/15)

Altars:
Makhleb
Vehumet


Innate Abilities, Weirdness & Mutations

You reflexively headbutt those who attack you in melee.
You have a pair of horns on your head.


Message History

You are too injured to fight recklessly!
You are too injured to fight recklessly!
You are too injured to fight recklessly!
You are too injured to fight recklessly!
You are too injured to fight recklessly!
You are too injured to fight recklessly!
You are too injured to fight recklessly!
You are too injured to fight recklessly!
You are too injured to fight recklessly!
You are too injured to fight recklessly!
You are too injured to fight recklessly!
You are too injured to fight recklessly!
The leopard gecko hisses angrily.
The orc priest invokes the aid of Beogh against you.
Beogh smites you!
* * * LOW HITPOINT WARNING * * *
An orc comes into view. It is wielding a +0 mace.
The orc priest calls down the wrath of Beogh upon you.
Pain shoots through your body!
You die...

... ......... ..
..###.........
...#..............
...#.........#.....
..............o.... ...
.(.................# ..
...........†............
....................l.......
. .............<@.........!.
#+#............)..o.........
#.#..................#......
...................oo.......
.........#.......##.o.......
.........#.......##.........
...<.....#.....!............
............................
......................###...


You could see 2 orc priests, an orc wizard, 2 orcs and a leopard gecko.

Vanquished Creatures
  A hound (D:2)
  Jessica (D:2)
  3 gnolls (D:2)
  3 adders (D:2)
  A worm (D:3)
  6 dart slugs
  A leopard gecko (D:1)
  An orc (D:3)
  5 giant cockroaches
  10 goblins
  A hobgoblin (D:2)
  4 jackals
  2 bats
  4 frilled lizards
  6 kobolds
  9 rats
58 creatures vanquished.

Notes
Turn   | Place    | Note
-------+----------+-------------------------------------------
     0 | D:1      | LLavrengius the Minotaur Monk began the quest for the Orb.
     0 | D:1      | Reached XP level 1. HP: 19/19 MP: 0/0
   178 | D:1      | Reached XP level 2. HP: 27/27 MP: 1/1
   522 | D:1      | Reached XP level 3. HP: 33/33 MP: 2/2
   996 | D:2      | Reached XP level 4. HP: 37/41 MP: 3/3
  1090 | D:2      | Found a radiant altar of Vehumet.
  1106 | D:2      | Reached skill level 5 in Long Blades
  1226 | D:2      | Reached XP level 5. HP: 47/47 MP: 4/4
  1396 | D:2      | Noticed Jessica
  1399 | D:2      | Reached skill level 5 in Fighting
  1404 | D:2      | Killed Jessica
  1481 | D:2      | Found a burning altar of Makhleb.
  1629 | D:3      | Killed from afar by an orc priest

Skill      XL: |  1  2  3  4  5 |
---------------+----------------+-----
Long Blades    | 4 5 |  5.2
Fighting       | 4 5 |  5.1
Dodging        | 4 |  4.6
Stealth        | |  1.5

Action                   |  1- 3 |  4- 6 || total
-------------------------+-------+-------++-------
Melee: Falchion          |    58 |    52 ||   110
       Headbutt          |     7 |     9 ||    16
 Stab: Sleeping          |     1 |       ||     1
  Eat: Chunk             |       |     2 ||     2
Armor: Robe              |     1 |       ||     1
       Ring mail         |    22 |    12 ||    34
       Chain mail        |       |    10 ||    10
       Scale mail        |       |     1 ||     1
Dodge: Dodged            |    37 |    36 ||    73
       Rpst.: Falchion   |     9 |    11 ||    20
